cohdb
Replays
Latest Replays
All Replays
Popular Replays
Top Player Replays
Match Explorer
How It Works
Community
CoH3 Stats
Reddit
Sign in to upload your games and track your stats! →
Sign in with Steam
Match 42894981
Unlisted
Match 42894981
Overview
Messages
Build Orders
End
Construct Section Command Post
ML 3-inch Mortar Team
Infantry Section
Vickers Machine Gun Team
Infantry Section
Dingo Light Scout Car
Construct Platoon Command Post
Humber Armored Car
CMP 15cwt Truck
Selects Indian Artillery Battlegroup
Selects Valour
Selects Gurkha Rifles Section
6-pounder Anti-tank Gun Team
Gurkha Rifles Section
Darbesky
Thrax
Why So Serious?
game
0
0
Comments
sign in to comment!
No comments posted yet!